 Dungeon Sprint DCSS version 0.18-a0-1350-g404b4cb (webtiles) character file.

2197 Kidiri the Covert (level 9, -8/41 HPs)
             Began as a Spriggan Enchanter on Feb 19, 2016.
             Was an Initiate of Dithmenos.
             Mangled by a kraken (31 damage)
             ... in the Dungeon (Sprint II: "The Violet Keep of Menkaure").
             The game lasted 00:08:17 (1385 turns).

Kidiri the Covert (Spriggan Enchanter)              Turns: 1385, Time: 00:08:17

Health: -8/41      AC:  2    Str:  4    XL:     9   Next: 12%
Magic:  13/24      EV: 29    Int: 18    God:    Dithmenos [......]
Gold:   642        SH:  0    Dex: 18    Spells: 9 memorised, 3 levels left

rFire  . . .     SeeInvis +     a - +1 dagger
rCold  . . .     Gourm    .     b - +1 robe
rNeg   . . .     Faith    .     (shield restricted)
rPois  .         Spirit   .     (helmet restricted)
rElec  .         Dismiss  .     (no cloak)
rCorr  .         Reflect  .     (gloves unavailable)
SustAt .         Harm     .     (boots unavailable)
MR     +....     NoTele   +     (no amulet)
Stlth  ++++++++..               y - ring of stealth
                                i - ring of flight

@: flying, very quick, somewhat resistant to hostile enchantments,
extraordinarily stealthy
A: unfitting armour, see invisible, deformed body, herbivore 3, speed 3, frail
1, slow metabolism 2, MP-powered wands
a: Renounce Religion, Stop Flying


You were in the Dungeon.
You worshipped Dithmenos.
Dithmenos was noncommittal.
You were not hungry.

You visited 1 branch You collected 1237 gold pieces.
You spent 595 gold pieces at shops.

Inventory:

Hand Weapons
 a - a +1 dagger (weapon)
Missiles
 k - a throwing net (quivered)
Armour
 b - a +1 robe (worn)
Jewellery
 i - a ring of flight (left hand)
 x - an uncursed ring of fire
 y - a ring of stealth (right hand)
Scrolls
 l - 2 scrolls of random uselessness {unknown}
 n - 2 scrolls of magic mapping {unknown}
 o - a scroll of immolation {unknown}
 q - 3 scrolls of recharging {unknown}
 r - a scroll of fear {unknown}
 t - a scroll of remove curse {unknown}
 v - 2 scrolls of identify {unknown}
 z - a scroll of enchant armour {unknown}
Potions
 f - 5 potions of heal wounds
 g - a potion of haste
 h - 5 potions of magic
 m - a potion of curing
 p - a potion of mutation {unknown}
 s - 2 potions of degeneration {unknown}
 u - 4 potions of resistance {unknown}
 w - 3 potions of flight {unknown}
 A - a potion of lignification {unknown}
Books
 c - a book of Maledictions

   Spells                             Type                      Level
   a - Corona                         Hexes                        1
   b - Ensorcelled Hibernation        Hexes/Ice                    2
   c - Confuse                        Hexes                        3
   d - Tukima's Dance                 Hexes                        3
   e - Dazzling Spray                 Conjuration/Hexes            3
 e - a book of Geomancy

   Spells                             Type                      Level
   a - Sandblast                      Earth                        1
   b - Passwall                       Transmutation/Earth          2
   c - Stone Arrow                    Conjuration/Earth            3
   d - Petrify                        Transmutation/Earth          4
   e - Lee's Rapid Deconstruction     Earth                        5
Comestibles
 d - 2 bread rations


   Skills:
 + Level 4.8 Fighting
 * Level 9.4 Short Blades
 + Level 4.5 Armour
 * Level 12.2 Dodging
 * Level 13.8 Stealth
 * Level 10.7 Spellcasting
 + Level 1.4 Conjurations
 + Level 8.0 Hexes
 + Level 2.7 Transmutations
 + Level 1.7 Ice Magic
 + Level 1.9 Earth Magic
 + Level 0.0 Invocations


You had 3 spell levels left.
You knew the following spells:

 Your Spells              Type           Power        Failure   Level  Hunger
a - Corona                Hex            #####..      1%          1    None
b - Ensorcelled Hibernat  Hex/Ice        ####..       1%          2    None
c - Confuse               Hex            #####...     1%          3    None
d - Tukima's Dance        Hex            #####...     1%          3    None
e - Dazzling Spray        Conj/Hex       ####....     3%          3    None
f - Passwall              Trmt/Erth      ###.......   4%          2    None
g - Stone Arrow           Conj/Erth      ###...       14%         3    None
h - Petrify               Trmt/Erth      ###.....     28%         4    ##.....
i - Lee's Rapid Deconstr  Erth           ###.......   87%         5    #####..


Dungeon Overview and Level Annotations

Branches:
Dungeon (1/1)

Altars:
Cheibriados
Dithmenos
Elyvilon
Fedhas
Gozag
Kikubaaqudgha
Makhleb
Nemelex Xobeh
Okawaru
Pakellas
Qazlal
Ru
Sif Muna
Trog
Vehumet
Xom
Yredelemnul
Zin
The Shining One
Beogh
Jiyva
Lugonu

Shops:
D [:=}(:[%((!!:?%=

Annotations:
D exclusion: oklob plant, Roxanne


Innate Abilities, Weirdness & Mutations

You are tiny and cannot use many weapons and most armour.
You have supernaturally acute eyesight.
You are an herbivore.
You cover ground extremely quickly.
You need consume almost no food.
Armour fits poorly on your strangely shaped body.
You are frail (-10% HP).
You expend magic power (3 MP) to strengthen your wands.


Message History

The spray of energy hits the tentacle.
The tentacle is lightly wounded.
The tentacle is dazzled.
The tentacle misses you. The kraken completely misses you.
Casting: Dazzling Spray
Confirm with . or Enter, or press ? or * to list all spells.
Aiming: Dazzling Spray
Press: ? - help, Shift-Dir - straight line, f - tentacle, p - kraken
Aim: a tentacle (water)
The spray of energy hits the tentacle.
The tentacle is lightly wounded.
The spray of energy hits the tentacle.
The tentacle is lightly wounded.
The spray of energy hits the kraken.
The kraken is severely wounded.
The tentacle slaps you!! The tentacle completely misses you.
The kraken misses you. The tentacle completely misses you.
The tentacle misses you. The kraken bites you!!
Ouch! That really hurt!
You die...

.####"|▓........▓▓
...####▓.(.[).[.▓▓
#..##.#▓..%.).=(▓▓
+..#.)#▓..(.()..▓▓
#..#..#▓(.)()...▓▓
#..##%#▓....((..▓▓
##...##▓▓▓▓▓▓▓'▓▓▓▓+▓
.≈≈≈≈≈≈≈≈≈≈≈≈≈...w≈≈▓
.≈#+########+###@w≈≈▓
.≈#........#t≈§##Xw≈▓
.≈#...._._.#§§≈≈####▓
≈≈#..._._._#§≈≈≈≈
≈≈#.._._._.#§§≈≈§
≈≈#._._._._#≈§§§§
§≈#_._._._.#≈≈§≈≈
§§#._._._..#≈§§§§
§§#_._._...#§§§≈▓


You could see a kraken and 3 tentacles.

Vanquished Creatures
  A siren (D)
  A yaktaur (D)
  3 polar bears (D)
  2 hippogriffs (D)
  4 neqoxecs (D)
  A wasp (D)
  A crocodile (D)
  A scorpion (D)
  4 worker ants (D)
  3 tentacles (D)
21 creatures vanquished.

Vanquished Creatures (others)
  Menkaure (D)
  A crocodile (D)
  6 tentacles (D)
  142 tentacle segments (D)
150 creatures vanquished.

Grand Total: 171 creatures vanquished

Notes
Turn   | Place    | Note
--------------------------------------------------------------
     0 | D        | Kidiri the Spriggan Enchanter began the quest for the Orb.
     0 | D        | Reached XP level 1. HP: 9/9 MP: 5/5
     1 | D        | Noticed a siren
     6 | D        | Noticed a worker ant
     6 | D        | Noticed a worker ant
     7 | D        | Noticed a worker ant
     7 | D        | Noticed a worker ant
    11 | D        | Killed a worker ant
    11 | D        | Reached skill level 1 in Fighting
    11 | D        | Reached skill level 6 in Stealth
    11 | D        | Reached XP level 2. HP: 9/14 MP: 5/7
    16 | D        | Reached skill level 1 in Armour
    16 | D        | Reached XP level 3. HP: 7/18 MP: 5/9
    20 | D        | Reached skill level 5 in Dodging
    20 | D        | Reached skill level 7 in Stealth
    20 | D        | Reached XP level 4. HP: 7/22 MP: 5/11
    24 | D        | Reached skill level 5 in Spellcasting
    29 | D        | Killed Menkaure
    40 | D        | Killed a crocodile
    59 | D        | Learned a level 2 spell: Ensorcelled Hibernation
    63 | D        | Learned a level 3 spell: Confuse
    67 | D        | Learned a level 3 spell: Tukima's Dance
    71 | D        | Learned a level 3 spell: Dazzling Spray
   146 | D        | Noticed a neqoxec
   149 | D        | Killed a neqoxec
   149 | D        | Reached skill level 5 in Short Blades
   149 | D        | Reached skill level 9 in Stealth
   149 | D        | Reached skill level 5 in Hexes
   149 | D        | Reached XP level 5. HP: 27/27 MP: 13/15
   163 | D        | Noticed a neqoxec
   164 | D        | Killed a neqoxec
   164 | D        | Reached skill level 10 in Stealth
   164 | D        | Reached XP level 6. HP: 30/32 MP: 17/17
   165 | D        | Noticed a neqoxec
   165 | D        | Noticed a neqoxec
   168 | D        | Gained mutation: Armour fits poorly on your strangely shaped body. [a neqoxec]
   169 | D        | Gained mutation: You expend magic power (3 MP) to strengthen your wands. [a neqoxec]
   170 | D        | Gained mutation: You are frail (-10% HP). [a neqoxec]
   173 | D        | Killed a neqoxec
   173 | D        | Reached skill level 11 in Stealth
   177 | D        | Killed a neqoxec
   177 | D        | Reached XP level 7. HP: 12/32 MP: 5/19
   376 | D        | Noticed a hippogriff
   376 | D        | Noticed a hippogriff
   379 | D        | Killed a hippogriff
   379 | D        | Reached skill level 10 in Dodging
   388 | D        | Killed a hippogriff
   388 | D        | Reached skill level 12 in Stealth
   402 | D        | Killed a siren
   402 | D        | Reached XP level 8. HP: 35/37 MP: 20/22
   407 | D        | Noticed Roxanne
   432 | D        | Found Serozyikh's Jewellery Emporium.
   433 | D        | Found Kivvaido's Magic Scroll Emporium.
   433 | D        | Found Vaunil's Book Shoppe.
   436 | D        | Reached skill level 13 in Stealth
   440 | D        | Found Kialoz's Distillery.
   440 | D        | Found Gaur's Weapon Shoppe.
   442 | D        | Found Gukest's Food Shoppe.
   442 | D        | Found Kala's Weapon Emporium.
   443 | D        | Found Azymn's Antique Armour Emporium.
   443 | D        | Found Tyzod's Book Shoppe.
   444 | D        | Found Cang's Distillery.
   444 | D        | Found Piaxzom's Antique Weapon Shoppe.
   444 | D        | Noticed a shining eye
   445 | D        | Found Kickun's Food Shoppe.
   447 | D        | Found Meaf's Gadget Shoppe.
   447 | D        | Found Cesom's Jewellery Emporium.
   447 | D        | Noticed a shining eye
   447 | D        | Noticed a shining eye
   447 | D        | Noticed an oklob plant
   448 | D        | Found Komm's Antique Armour Shoppe.
   448 | D        | Found Punecubu's Book Shoppe.
   453 | D        | Noticed an iron elemental
   481 | D        | Bought a book of Geomancy for 350 gold pieces
   484 | D        | Learned a level 2 spell: Passwall
   488 | D        | Learned a level 3 spell: Stone Arrow
   493 | D        | Learned a level 4 spell: Petrify
   499 | D        | Learned a level 5 spell: Lee's Rapid Deconstruction
   507 | D        | Bought an uncursed ring of flight for 245 gold pieces
   569 | D        | Found a roughly hewn altar of Beogh.
   570 | D        | Found an oddly glowing altar of Pakellas.
   571 | D        | Found a stormy altar of Qazlal.
   571 | D        | Found a glowing golden altar of the Shining One.
   571 | D        | Found a sacrificial altar of Ru.
   571 | D        | Found a viscous altar of Jiyva.
   572 | D        | Found a basalt altar of Yredelemnul.
   572 | D        | Found an opulent altar of Gozag.
   572 | D        | Found a corrupted altar of Lugonu.
   573 | D        | Found an iron altar of Okawaru.
   573 | D        | Found a burning altar of Makhleb.
   574 | D        | Found a radiant altar of Vehumet.
   574 | D        | Found a shadowy altar of Dithmenos.
   575 | D        | Found a blossoming altar of Fedhas.
   575 | D        | Found a deep blue altar of Sif Muna.
   576 | D        | Noticed a yaktaur
   576 | D        | Noticed a polar bear
   577 | D        | Noticed a polar bear
   577 | D        | Noticed a polar bear
   578 | D        | Killed a polar bear
   578 | D        | Reached skill level 10 in Spellcasting
   578 | D        | Reached skill level 1 in Transmutations
   585 | D        | Killed a polar bear
   585 | D        | Reached skill level 1 in Ice Magic
   585 | D        | Reached skill level 1 in Earth Magic
   591 | D        | Killed a polar bear
   591 | D        | Reached skill level 1 in Conjurations
   593 | D        | Reached XP level 9. HP: 38/41 MP: 15/24
   597 | D        | Killed a yaktaur
   612 | D        | Found a shimmering altar of Xom.
   614 | D        | Found a snail-covered altar of Cheibriados.
   614 | D        | Found a glowing silver altar of Zin.
   614 | D        | Found an ancient bone altar of Kikubaaqudgha.
   615 | D        | Found a sparkling altar of Nemelex Xobeh.
   615 | D        | Found a bloodstained altar of Trog.
   615 | D        | Found a white marble altar of Elyvilon.
   629 | D        | Became a worshipper of Dithmenos the Shadowed
   677 | D        | Noticed a kraken
  1385 | D        | Mangled by a kraken

Vault maps used:
D:        the_violet_keep_of_menkaure

Action                   |  1- 3 |  4- 6 |  7- 9 || total
-------------------------+-------+-------+-------++-------
Melee: Dagger            |    13 |    11 |    27 ||    51
 Cast: Dazzling Spray    |       |     3 |     9 ||    12
       Ensorcelled Hiber |       |     1 |     3 ||     4
       Confuse           |       |       |     3 ||     3
 Abil: Evoke Flight      |       |       |     1 ||     1
  Use: Potion            |     1 |     1 |       ||     2
       Scroll            |       |       |     1 ||     1
 Stab: Sleeping          |       |     2 |     9 ||    11
       Invisible         |       |     2 |     5 ||     7
       Confused          |       |       |     4 ||     4
